 Dungeon Crawl Stone Soup version 0.20-a0-1086-g4bd2f5b (webtiles) character file.

33 Alarkh the Chopper (level 3, 27/27 HPs)
             Began as a Demonspawn Skald on May 1, 2017.
             Got out of the dungeon alive.
             The game lasted 00:01:31 (1229 turns).

Alarkh the Chopper (Demonspawn Skald)               Turns: 1229, Time: 00:01:31

Health: 27/27      AC:  3    Str: 11    XL:     3   Next: 12%
Magic:  6/6        EV: 16    Int: 15    God:
Gold:   11         SH:  0    Dex: 12    Spells: 5/6 levels left

rFire    . . .     SeeInvis .   a - +0 hand axe
rCold    . . .     Gourm    .   (no shield)
rNeg     . . .     Faith    .   b - +0 leather armour
rPois    .         Spirit   .   (no helmet)
rElec    .         Reflect  .   (no cloak)
rCorr    .         Harm     .   (no gloves)
MR       .....     Rnd*Tele +   (no boots)
Stlth    +.........             (no amulet)
Regen    0.1/turn               p - +5 ring of evasion
MPRegen  0.1/turn               h - ring of teleportation (curse)

@: no status effects
A: hooves 1
a: no special abilities


You escaped.
You were not hungry.

You visited 1 branch of the dungeon, and saw 2 of its levels.

You collected 11 gold pieces.

Inventory:

Hand Weapons
 a - a +0 hand axe (weapon)
Armour
 b - a +0 leather armour (worn)
Jewellery
 g - a +4 ring of dexterity
 h - a cursed ring of teleportation (right hand)
 j - an uncursed ring of positive energy
 l - an uncursed ring of fire
 p - a +5 ring of evasion (left hand)
 s - an uncursed ring of protection from magic {unknown}
Scrolls
 e - a scroll of identify
 k - a scroll of blinking
 o - a scroll of fear
 q - a scroll of amnesia {unknown}
 r - a scroll of recharging {unknown}
Potions
 i - a potion of flight
 m - a potion of curing
Books
 c - a book of Battle

   Spells                             Type                      Level
   a - Infusion                       Charms                       1
   b - Shroud of Golubria             Charms/Translocation         2
   c - Song of Slaying                Charms                       2
   d - Spectral Weapon                Hexes/Charms                 3
   e - Regeneration                   Charms/Necromancy            3
Comestibles
 d - a bread ration
 n - a royal jelly


   Skills:
 - Level 2.0 Fighting
 + Level 3.2 Axes
 - Level 0.8 Armour
 - Level 1.7 Dodging
 - Level 2.0 Spellcasting
 - Level 2.6 Charms


You had 5 spell levels left.
You knew the following spells:

 Your Spells              Type           Power        Failure   Level  Hunger
a - Infusion              Chrm           #...         10%         1    #......


Dungeon Overview and Level Annotations

Branches:
Dungeon (2/15)

Altars:
Qazlal


Innate Abilities, Weirdness & Mutations

You have large cloven feet.


Message History

A kobold comes into view.
You can't go up here!
The kobold shouts!
You hit the kobold.
You kill the kobold!
No target in view!
No target in view!
No target in view!
No target in view!
No target in view!
No target in view!
No target in view!
No target in view!
Done exploring.
(D) Dungeon
Where to? (Enter - D:1 @ (x,y), ? - help)
You see here a kobold corpse.
There is a staircase leading out of the dungeon here.
Are you sure you want to leave the Dungeon?
This will make you lose the game!
You have escaped!

###..# #.#####.#########.#.
####.# #####..## #.# #######...
##...## #.......###.###........#
#..#..####.............#.######.#
#.###...#....♣♣♣♣♣♣♣♣♣.#.# #..
#.# ###...#.♣..PP..PP♣...# #####
#.# ##....♣...P..PP♣..#####....
..## ##.#.♣P...PP..♣..###...###
...######.#.♣PP.@.P..♣..##..###
.#..........♣..P.).PP♣.....##
##########..♣..PP...P♣..####
##.♣PP..P...♣..# #.♣PP..PP..♣[.#
#.♣♣♣♣♣♣♣♣♣...# #.............#
####..........# ############


There were no monsters in sight!

Vanquished Creatures
  3 dart slugs
  3 giant cockroaches
  3 goblins (D:1)
  3 hobgoblins
  3 kobolds
  6 bats
  A frilled lizard (D:1)
  2 rats
24 creatures vanquished.

Notes
Turn   | Place    | Note
-------+----------+-------------------------------------------
     0 | D:1      | Alarkh the Demonspawn Skald began the quest for the Orb.
     0 | D:1      | Reached XP level 1. HP: 16/16 MP: 3/3
    19 | D:1      | Reached skill level 2 in Axes
    55 | D:1      | Gained mutation: You have large cloven feet. [demonic ancestry]
    55 | D:1      | Reached XP level 2. HP: 19/22 MP: 5/5
   608 | D:2      | Found a stormy altar of Qazlal.
   635 | D:2      | Reached skill level 3 in Axes
   929 | D:2      | Reached XP level 3. HP: 17/27 MP: 6/6
  1229 | D:$      | Got out of the dungeon alive.

Vault maps used:
D:1:      scummos_arrival_checkerplants
D:2:      lemuel_crystal_altar

Skill      XL: |  1  2 |
---------------+-------+-----
Axes           | 2 3 |  3.2
Fighting       | |  2.0
Armour         | |  0.8
Dodging        | |  1.7
Spellcasting   | |  2.0
Charms         | |  2.6

Action                   || total
-------------------------++-------
Melee: Hand axe          ||    65
       Kick              ||    13
  Use: Scroll            ||     4
  Eat: Chunk             ||     1
Armor: Leather armour    ||    22
Dodge: Dodged            ||    44
